 Dungeon Crawl Stone Soup version 0.25.0-8-gfd19cd77bd (webtiles) character file.

Game seed: 11230706197532899048

4042 Froggeryz the Severer (level 10, -5/83 HPs)
             Began as a Minotaur Berserker on June 16, 2020.
             Was an Elder of Trog.
             Slain by a two-headed ogre
             ... wielding a +0 giant club
              (21 damage)
             ... on level 7 of the Dungeon.
             The game lasted 00:07:41 (5897 turns).

Froggeryz the Severer (Minotaur Berserker)          Turns: 5897, Time: 00:07:42

Health: -5/83      AC: 12    Str: 30    XL:     10   Next: 4%
Magic:  9/9        EV: 26    Int:  4    God:    Trog [****..]
Gold:   256        SH:  0    Dex: 11    Spells: 9/9 levels left

rFire    . . .     SeeInvis .   d - +5 hand axe (freeze)
rCold    . . .     Gourm    .   (no shield)
rNeg     . . .     Faith    .   h - +0 scale mail
rPois    .         Spirit   .   (helmet restricted)
rElec    .         Reflect  .   v - +0 cloak
rCorr    .         Harm     .   (no gloves)
MR       .....                  (no boots)
Stlth    ..........             j - amulet of the acrobat
HPRegen  0.23/turn              t - +6 ring of strength
MPRegen  0.11/turn              y - +4 ring of protection

@: about to teleport, berserk cooldown, acrobat, slowed, very slow
A: retaliatory headbutt, horns 2
a: Berserk, Trog's Hand, Brothers in Arms, Renounce Religion


You were on level 7 of the Dungeon.
You worshipped Trog.
Trog was greatly pleased with you.
You were hungry.

You visited 1 branch of the dungeon, and saw 8 of its levels.

You collected 256 gold pieces.

Inventory:

Hand Weapons
 a - a +1 war axe of flaming
 d - a +5 hand axe of freezing (weapon)
Armour
 h - a +0 scale mail (worn)
 v - a +0 cloak (worn)
Jewellery
 j - an amulet of the acrobat (around neck)
 l - an uncursed ring of positive energy
 t - a +6 ring of strength (left hand)
 y - a +4 ring of protection (right hand)
Wands
 u - a wand of digging (4)
 C - a wand of random effects (15)
 F - a wand of acid (10)
Scrolls
 m - 2 scrolls of teleportation
 n - 4 scrolls of remove curse
 r - a scroll of enchant weapon
 w - a scroll of noise {unknown}
 B - a scroll of immolation {unknown}
 E - a scroll of enchant armour
Potions
 f - a potion of haste
 g - 2 potions of lignification
 i - 2 potions of berserk rage
 o - 4 potions of curing
 p - a potion of might
 s - a potion of flight
 A - a potion of invisibility
Comestibles
 b - 2 chunks of flesh
 c - 16 rations


   Skills:
 + Level 6.1 Fighting
 * Level 15.6 Axes
 - Level 4.1 Armour
 - Level 2.1 Dodging


You had 9 spell levels left.
You didn't know any spells.
Your spell library was empty.

Dungeon Overview and Level Annotations

Branches:
Dungeon (8/15)             Temple (0/1) D:4            Lair (0/6) D:8

Altars:
Ashenzari
Cheibriados
Elyvilon
Fedhas
Hepliaklqana
Kikubaaqudgha
Okawaru
Trog
Uskayaw
Yredelemnul
Zin
The Shining One

Shops:
D:7 :


Innate Abilities, Weirdness & Mutations

You reflexively headbutt those who attack you in melee.
You have a pair of horns on your head.


Message History

Something closely misses you. Something hits you!
There is a stone staircase leading up, spattered with blood here.
The iguana completely misses you. Something hits you!! Something hits you!
You climb upwards.
Reactivating autopickup.
There is a stone staircase leading down here.
Okay, then.
As you read the scroll of teleportation, it crumbles to dust.
You feel strangely unstable.
The iguana bites you but does no damage.
Something hits you!
* * * LOW HITPOINT WARNING * * *
Deactivating autopickup; reactivate with Ctrl-A.
Something hits you but does no damage. The iguana completely misses you.
You furiously retaliate!
You headbutt the iguana.
You kill the iguana!
Trog accepts your kill. Something hits you!!
You die...

.....≈≈≈≈♣.P.P≈≈≈≈.######.....#..
.....≈≈≈≈PP_..≈≈≈≈.......†....#..
.....≈≈≈≈♣P.P♣≈≈≈≈.......######..
......≈≈≈≈P†.........#...####
######...................#...#...
<....#.........).........#...'...
.....#......####.........#...#...
.....+....=.#..'.........#...#...
####'#......#..#.........########
##..........#..#.........#
.#..........#..#.........#


There were no monsters in sight!

Vanquished Creatures
  A troll (D:8)
  A hippogriff (D:7)
  A spriggan (D:7)
  3 yaks (D:8)
  A steam dragon (D:7)
  A soldier ant (D:7)
  3 ice beasts
  A necrophage (D:6)
  An orc warrior (D:8)
  A phantom (D:8)
  2 sky beasts
  5 wolves (D:8)
  2 ogres
  3 centaurs
  2 bullfrogs (D:8)
  4 scorpions
  3 wights (D:8)
  An electric eel (D:8)
  2 crimson imps
  2 bullfrog zombies
  A jelly (D:5)
  2 orc priests
  5 hounds
  4 iguanas
  An orc wizard (D:8)
  4 worker ants
  A killer bee zombie (D:6)
  3 gnolls (D:8)
  5 adders
  2 shadow imps
  An ooze (D:1)
  An adder skeleton (D:6)
  6 worms
  5 leopard geckos
  9 orcs
  A ball python (D:4)
  5 bats
  3 giant cockroaches
  A goblin (D:3)
  7 hobgoblins
  14 jackals
  2 quokkas
  5 frilled lizards
  2 kobolds
  A leopard gecko skeleton (D:5)
  5 rats
136 creatures vanquished.

Notes
Turn   | Place    | Note
-------+----------+-------------------------------------------
     0 | D:1      | Froggeryz the Minotaur Berserker began the quest for the
                  | Orb.
     0 | D:1      | Reached XP level 1. HP: 19/19 MP: 0/0
   294 | D:1      | Reached skill level 4 in Axes
   294 | D:1      | Reached XP level 2. HP: 24/26 MP: 1/1
  1070 | D:2      | Reached XP level 3. HP: 30/31 MP: 2/2
  1072 | D:2      | Found a snail-covered altar of Cheibriados.
  1183 | D:2      | Reached skill level 5 in Axes
  1322 | D:3      | Reached XP level 4. HP: 38/39 MP: 3/3
  1386 | D:3      | Reached skill level 6 in Axes
  1388 | D:3      | HP: 1/58 [orc/+0 hand axe (4)]
  1624 | D:3      | Found a hide-covered altar of Uskayaw.
  1633 | D:3      | Reached ** piety under Trog
  1930 | D:3      | Reached XP level 5. HP: 45/45 MP: 4/4
  2301 | D:4      | Found a hazy altar of Hepliaklqana.
  2381 | D:4      | Found a staircase to the Ecumenical Temple.
  2509 | D:4      | Found an ancient bone altar of Kikubaaqudgha.
  2594 | D:5      | Entered Level 5 of the Dungeon
  2600 | D:5      | Found a shattered altar of Ashenzari.
  2651 | D:5      | Noticed an ice beast
  2662 | D:5      | Killed an ice beast
  2662 | D:5      | Reached skill level 7 in Axes
  2662 | D:5      | Reached XP level 6. HP: 30/51 MP: 5/5
  2680 | D:5      | Noticed a sky beast
  2881 | D:4      | Killed a sky beast
  2881 | D:4      | Reached skill level 8 in Axes
  2962 | D:5      | You fall into a shaft and drop 3 floors!
  3085 | D:8      | Noticed a troll
  3096 | D:8      | Reached skill level 9 in Axes
  3096 | D:8      | Reached XP level 7. HP: 54/57 MP: 6/6
  3157 | D:8      | Reached skill level 10 in Axes
  3365 | D:7      | Found a blossoming altar of Fedhas.
  3383 | D:7      | Reached skill level 11 in Axes
  3383 | D:7      | Reached XP level 8. HP: 62/64 MP: 7/7
  3572 | D:6      | Found a bloodstained altar of Trog.
  3670 | D:6      | Reached skill level 12 in Axes
  3909 | D:5      | Found a glowing silver altar of Zin.
  3959 | D:5      | Reached *** piety under Trog
  4151 | D:5      | Found a glowing golden altar of the Shining One.
  4160 | D:5      | Found a white marble altar of Elyvilon.
  4488 | D:6      | Reached skill level 13 in Axes
  4821 | D:7      | Found Toacued's Book Boutique.
  4827 | D:7      | Reached XP level 9. HP: 59/70 MP: 8/8
  4945 | D:7      | Found an iron altar of Okawaru.
  5027 | D:7      | Reached skill level 14 in Axes
  5478 | D:8      | Reached skill level 5 in Fighting
  5478 | D:8      | Reached skill level 15 in Axes
  5558 | D:8      | Found a staircase to the Lair.
  5833 | D:8      | Reached **** piety under Trog
  5852 | D:8      | Found a basalt altar of Yredelemnul.
  5859 | D:8      | Noticed a two-headed ogre
  5883 | D:8      | Killed a troll
  5883 | D:8      | Reached XP level 10. HP: 83/83 MP: 9/9
  5897 | D:7      | Slain by a two-headed ogre

Illustrated notes

Levels and vault maps discovered:
D:1:      minmay_arrival_doors, layout_basic
D:2:      layout_loops_cross, lemuel_coloured_pillars_altar
D:3:      layout_loops_ring, old_standard_altar
D:4:      layout_rooms, kennysheep_little_box, old_standard_altar,
          minmay_temple_entry_proselytizer
D:5:      layout_gridville, good_gods_mini_temple,
          nicolae_overflow_hidden_temple, first_ration
D:6:      layout_gridville, lemuel_doored_altar
D:7:      layout_gridville, fedhas_ov_isle_minmay, okawaru_trees_1,
          serial_shops, shop, chequers_serial_rivers_micro_d, st_stairs_13,
          the_bakery
D:8:      layout_loops_corners, old_standard_altar, kennysheep_mini_moat,
          erik_lair_island

Skill      XL: |  1  2  3  4  5  6  7  8  9 |
---------------+----------------------------+-----
Axes           | 4 5 6 7 9 11 13 15 | 15.6
Armour         | 3 4 |  4.1
Fighting       | 6 |  6.1
Dodging        | |  2.1

Action                   |  1- 3 |  4- 6 |  7- 9 | 10-12 || total
-------------------------+-------+-------+-------+-------++-------
Melee: Hand axe          |    66 |    95 |   164 |       ||   325
       Headbutt          |    10 |    17 |    35 |       ||    62
Invok: Berserk           |       |     3 |     2 |       ||     5
Evoke: Wand              |       |       |     2 |       ||     2
  Use: Potion            |       |       |     1 |       ||     1
       Scroll            |       |       |    14 |     1 ||    15
  Eat: Chunk             |     1 |     7 |     5 |       ||    13
       Ration            |       |     1 |     1 |       ||     2
Armor: Leather armour    |     4 |       |       |       ||     4
       Scale mail        |    15 |    36 |    38 |     2 ||    91
Dodge: Dodged            |    31 |    45 |    89 |     3 ||   168
